 Dungeon Crawl Stone Soup version 0.24.0-125-gc4c63601f3 (webtiles) character file.

Game seed: 16715780641928389422, levelgen mode: deterministic

720662 Yon the Invulnerable (level 27, -7/179 HPs)
             Began as a Gargoyle Fighter on Dec 14, 2019.
             Was a High Priest of Makhleb.
             Killed from afar by an orb of fire (44 damage)
             ... with a fireball
             ... on level 5 of the Realm of Zot on Mar 16, 2020.
             The game lasted 12:43:40 (61844 turns).

Yon the Invulnerable (Gargoyle Fighter)            Turns: 61844, Time: 12:43:40

Health: -7/179     AC: 70    Str: 32    XL:     27
Magic:  18/19      EV: 12    Int: 16    God:    Makhleb [*****.]
Gold:   7000       SH: 21    Dex:  9    Spells: 26/26 levels left

rFire    + . .     SeeInvis +   l - +9 broad axe (vamp)
rCold    + + +     Gourm    .   K - +2 shield {AC+3}
rNeg     + + +     Faith    .   j - +10 crystal plate armour
rPois    ∞         Spirit   .   O - +0 helmet of Ebol {rPois MP-9 Str+2 Slay+2}
rElec    +         Reflect  +   Y - scarf {rC+ rF+}
rCorr    .         Harm     .   z - +0 pair of gloves of the Sun {rElec rPois MR+ Stlth+}
MR       +++++                  V - +4 pair of boots of Twilight {rElec Int+6}
Stlth    ..........             J - amulet of Zahorav {Reflect rF+ MR++ SH+4 SInv}
HPRegen  0.39/turn              L - ring of the Ladybird {+Blink rC+ Str+4}
MPRegen  0.16/turn              T - ring of Cuon Nops {Ice *Contam rElec rN++ Dex+2}

@: about to teleport, no potions, flying
A: big wings, slimy green scales 1, clumsy 1, cold resistance 1, deformed body,
dopey 1, frail 1, low mp 2, magic resistance 1, negative energy resistance 1,
screaming 2, electricity resistance, weak 2, unbreathing, petrification
resistance, no potion heal 1, rot immunity, subdued magic 1, AC +20
}: 4/15 runes: barnacled, silver, abyssal, gossamer
a: Stop Flying, Minor Destruction, Lesser Servant of Makhleb, Major Destruction,
Greater Servant of Makhleb, Renounce Religion, Evoke Blink


You were on level 5 of the Realm of Zot.
You worshipped Makhleb.
Makhleb was extremely pleased with you.
You were very hungry.

You visited 12 branches of the dungeon, and saw 55 of its levels.
You visited the Abyss 3 times.
You visited 1 bazaar.
You also visited: Bailey, Gauntlet and Wizlab.

You collected 8356 gold pieces.
You spent 1356 gold pieces at shops.

Inventory:

Hand Weapons
 l - a +9 vampiric broad axe (weapon)
 v - a +2 broad axe of chopping
 w - the +18 lance "Wyrmbane" {slay drac, rPois rF+ rC+ AC+3}
   (You found it on level 3 of the Elven Halls)

   It affects your AC (+3).
   It protects you from fire.
   It protects you from cold.
   It protects you from poison.
 M - a +7 flail of holy wrath
 Z - a +5 war axe of flaming
Missiles
 i - 4 boomerangs of dispersal (quivered)
Armour
 j - a +10 crystal plate armour (worn)
 t - a scarf of cloud immunity
 z - the +0 pair of gloves of the Sun (worn) {rElec rPois MR+ Stlth+}
   (You found it on level 3 of the Elven Halls)

   It insulates you from electricity.
   It protects you from poison.
   It affects your resistance to hostile enchantments.
   It makes you more stealthy.
 A - a +1 cloak of invisibility
 K - a +2 shield of protection (worn)
 O - the +0 helmet of Ebol (worn) {rPois MP-9 Str+2 Slay+2}
   (You found it on level 4 of the Realm of Zot)

   It affects your strength (+2).
   It affects your accuracy and damage with ranged weapons and melee attacks
   (+2).
   It protects you from poison.
   It affects your magic capacity (-9).
 V - the +4 pair of boots of Twilight (worn) {rElec Int+6}
   (You found it on level 14 of the Dungeon)

   It affects your intelligence (+6).
   It insulates you from electricity.
 Y - a scarf of resistance (worn)
Jewellery
 k - an uncursed ring of positive energy
 G - an uncursed ring of resist corrosion
 H - the ring "Qoruyl" {rN+ Int+4 Stlth+}
   (You found it on level 1 of the Crypt)

   [ring of stealth]

   It affects your intelligence (+4).
   It protects you from negative energy.
   It makes you more stealthy.
 J - the amulet of Zahorav (around neck) {Reflect rF+ MR++ SH+4 SInv}
   (You found it on level 5 of the Lair of Beasts)

   [amulet of reflection]

   It shields you and reflects attacks.
   It protects you from fire.
   It affects your resistance to hostile enchantments.
   It lets you see invisible.
   It affects your SH (+4).
 L - the ring of the Ladybird (left hand) {+Blink rC+ Str+4}
   (You took it off a deep elf death mage on level 3 of the Elven Halls)

   [ring of protection from cold]

   It affects your strength (+4).
   It protects you from cold.
   It lets you blink.
 S - the ring "Ciheqiv" {+Inv rF+ rC+ MR+ Dex+2}
   (You took it off a tengu reaver on level 2 of the Depths)

   [ring of protection from magic]

   It affects your dexterity (+2).
   It protects you from fire.
   It protects you from cold.
   It affects your resistance to hostile enchantments.
   It lets you turn invisible.
 T - the ring of Cuon Nops (right hand) {Ice *Contam rElec rN++ Dex+2}
   (You found it on level 4 of the Realm of Zot)

   [ring of ice]

   It enhances your ice magic.
   It affects your dexterity (+2).
   It makes you vulnerable to fire.
   It protects you from cold.
   It insulates you from electricity.
   It greatly protects you from negative energy.
   It causes magical contamination when unequipped.
 X - a +5 ring of strength
Wands
 s - a wand of digging (17)
Scrolls
 a - a scroll of enchant armour
 b - 7 scrolls of magic mapping
 c - 3 scrolls of torment
 e - 25 scrolls of teleportation
 h - 9 scrolls of identify
 m - 4 scrolls of enchant weapon
 x - 11 scrolls of fear
 y - 2 scrolls of blinking
 B - 3 scrolls of holy word
 D - a scroll of amnesia
 E - 32 scrolls of remove curse
 N - 2 scrolls of acquirement
 Q - a scroll of brand weapon
 U - a scroll of silence
Potions
 d - 6 potions of might
 g - 2 potions of heal wounds
 n - 9 potions of haste
 p - 8 potions of berserk rage
 q - 3 potions of brilliance
 r - 4 potions of mutation
 C - 12 potions of curing
 F - 2 potions of cancellation
 I - 5 potions of resistance
 P - 5 potions of invisibility
Comestibles
 f - 46 rations


   Skills:
 O Level 27 Fighting
 - Level 21.6(23.1) Axes
 - Level 14.0(20.0) Maces & Flails
 + Level 9.2(16.7) Polearms
 O Level 27 Armour
 + Level 10.1 Dodging
 - Level 0.5 Stealth
 - Level 17.4 Shields
 - Level 18.0 Invocations
 - Level 9.1 Evocations


You had 26 spell levels left.
You didn't know any spells.
Your spell library contained the following spells:

 Spells                   Type           Power        Failure   Level  Hunger
 Animate Skeleton         Necr           N/A          71%         1    ##.....
 Apportation              Tloc           #.....       71%         1    ##.....
 Beastly Appendage        Tmut           #.....       71%         1    ##.....
 Confusing Touch          Hex            #.....       71%         1    ##.....
 Corona                   Hex            #......      71%         1    ##.....
 Flame Tongue             Conj/Fire      #....        71%         1    ##.....
 Freeze                   Ice            #...         71%         1    ##.....
 Magic Dart               Conj           #...         71%         1    ##.....
 Sandblast                Erth           #.....       71%         1    ##.....
 Shock                    Conj/Air       #...         71%         1    ##.....
 Sting                    Conj/Pois      #...         71%         1    ##.....
 Summon Butterflies       Summ           #.......     71%         1    ##.....
 Summon Small Mammal      Summ           #...         71%         1    ##.....
 Blink                    Tloc           N/A          85%         2    ###....
 Call Imp                 Summ           #.......     85%         2    ###....
 Corpse Rot               Necr           N/A          85%         2    ###....
 Ensorcelled Hibernation  Hex/Ice        #.....       85%         2    ###....
 Passwall                 Tmut/Erth      #.......     85%         2    ###....
 Poisonous Vapours        Pois/Air       #.....       85%         2    ###....
 Shroud of Golubria       Chrm/Tloc      #.....       85%         2    ###....
 Slow                     Hex            #.......     85%         2    ###....
 Song of Slaying          Chrm           #.......     85%         2    ###....
 Sticks to Snakes         Tmut           #.......     85%         2    ###....
 Throw Flame              Conj/Fire      #.....       85%         2    ###....
 Throw Frost              Conj/Ice       #.....       85%         2    ###....
 Confuse                  Hex            #.......     97%         3    ####...
 Conjure Flame            Conj/Fire      #.......     97%         3    ####...
 Dazzling Spray           Conj/Hex       #.....       97%         3    ####...
 Gell's Gravitas          Tloc           #.........   97%         3    ####...
 Ignite Poison            Fire/Tmut/Pois #.......     97%         3    ####...
 Inner Flame              Hex/Fire       #.......     97%         3    ####...
 Lesser Beckoning         Tloc           #.........   97%         3    ####...
 Mephitic Cloud           Conj/Pois/Air  #.......     97%         3    ####...
 Ozocubu's Armour         Chrm/Ice       #.......     97%         3    ####...
 Recall                   Summ/Tloc      N/A          97%         3    ####...
 Regeneration             Chrm/Necr      #.........   97%         3    ####...
 Spider Form              Tmut/Pois      #.........   97%         3    ####...
 Static Discharge         Conj/Air       #.......     97%         3    ####...
 Stone Arrow              Conj/Erth      #.....       97%         3    ####...
 Tukima's Dance           Hex            #.......     97%         3    ####...
 Animate Dead             Necr           N/A          100%        4    #####..
 Cause Fear               Hex            #.........   100%        4    #####..
 Force Lance              Conj/Tloc      #.......     100%        4    #####..
 Ice Form                 Ice/Tmut       #.......     100%        4    #####..
 Iskenderun's Mystic Bla  Conj           #.......     100%        4    #####..
 Leda's Liquefaction      Hex/Erth       #.........   100%        4    #####..
 Olgreb's Toxic Radiance  Pois           #.......     100%        4    #####..
 Petrify                  Tmut/Erth      #.......     100%        4    #####..
 Sticky Flame             Conj/Fire      #.......     100%        4    #####..
 Summon Ice Beast         Ice/Summ       #.......     100%        4    #####..
 Throw Icicle             Conj/Ice       #.......     100%        4    #####..
 Agony                    Necr           #.......     100%        5    ######.
 Alistair's Intoxication  Tmut/Pois      #.......     100%        5    ######.
 Blade Hands              Tmut           #.........   100%        5    ######.
 Bolt of Draining         Conj/Necr      #.........   100%        5    ######.
 Bolt of Magma            Conj/Fire/Erth #.........   100%        5    ######.
 Borgnjor's Vile Clutch   Necr/Erth      #.........   100%        5    ######.
 Dispel Undead            Necr           #.......     100%        5    ######.
 Excruciating Wounds      Chrm/Necr      #.........   100%        5    ######.
 Fireball                 Conj/Fire      #.........   100%        5    ######.
 Irradiate                Conj/Tmut      #.........   100%        5    ######.
 Iskenderun's Battlesphe  Conj/Chrm      #.......     100%        5    ######.
 Lee's Rapid Deconstruct  Erth           #.........   100%        5    ######.
 Lightning Bolt           Conj/Air       #.........   100%        5    ######.
 Metabolic Englaciation   Hex/Ice        #.........   100%        5    ######.
 Silence                  Hex/Air        #.........   100%        5    ######.
 Summon Forest            Summ/Tloc      #.........   100%        5    ######.
 Venom Bolt               Conj/Pois      #.........   100%        5    ######.
 Yara's Violent Unravell  Hex/Tmut       #.........   100%        5    ######.
 Bolt of Cold             Conj/Ice       #.........   100%        6    #######
 Bolt of Fire             Conj/Fire      #.........   100%        6    #######
 Conjure Ball Lightning   Conj/Air       #.........   100%        6    #######
 Darkness                 Hex            #.........   100%        6    #######
 Death Channel            Necr           #.........   100%        6    #######
 Deflect Missiles         Chrm/Air       #.........   100%        6    #######
 Freezing Cloud           Conj/Ice/Air   #.........   100%        6    #######
 Hydra Form               Tmut           #.........   100%        6    #######
 Invisibility             Hex            #.......     100%        6    #######
 Iron Shot                Conj/Erth      #.........   100%        6    #######
 Ozocubu's Refrigeration  Ice            #.........   100%        6    #######
 Poison Arrow             Conj/Pois      #.........   100%        6    #######
 Shadow Creatures         Summ           N/A          100%        6    #######
 Simulacrum               Ice/Necr       #.........   100%        6    #######
 Dragon Form              Tmut           #.........   100%        7    #######
 Orb of Destruction       Conj           #.........   100%        7    #######
 Ring of Flames           Chrm/Fire      #.........   100%        7    #######
 Spellforged Servitor     Conj/Summ      #.........   100%        7    #######
 Summon Hydra             Summ           #.........   100%        7    #######
 Chain Lightning          Conj/Air       #.........   100%        8    #######
 Discord                  Hex            #.........   100%        8    #######
 Ignition                 Fire           #.........   100%        8    #######
 Lehudib's Crystal Spear  Conj/Erth      #.........   100%        8    #######
 Dragon's Call            Summ           #.........   100%        9    #######
 Fire Storm               Conj/Fire      #.........   100%        9    #######
 Glaciate                 Conj/Ice       #.........   100%        9    #######
 Shatter                  Erth           #.........   100%        9    #######
 Sublimation of Blood     Necr           Unusable     N/A         2    N/A
 Statue Form              Tmut/Erth      Unusable     N/A         6    N/A

Dungeon Overview and Level Annotations

Branches:
Dungeon (15/15)            Temple (1/1) D:6            Lair (6/6) D:10
 Shoals (4/4) Lair:4       Spider (4/4) Lair:3        Slime (0/5) Lair:6
    Orc (2/2) D:12            Elf (3/3) Orc:2        Vaults (5/5) D:14
  Crypt (3/3) Vaults:3       Tomb (2/3) Crypt:3      Depths (5/5) D:15
    Zot (5/5) Depths:5     Bailey (visited)          WizLab (visited)
Gauntlet (visited)

Altars:
Ashenzari
Cheibriados
Dithmenos
Elyvilon
Fedhas
Gozag
Hepliaklqana
Kikubaaqudgha
Makhleb
Nemelex Xobeh
Okawaru
Qazlal
Ru
Sif Muna
Trog
Uskayaw
Vehumet
Wu Jian
Xom
Yredelemnul
Zin
The Shining One
Beogh

Shops:
D:5 !   D:13 ?   Orc:1 *?(*   Orc:2 *?}((   Elf:1 (   Shoals:1 !   Shoals:2 !
Shoals:4 *   Vaults:1 =   Vaults:4 *   Depths:4 :(

Portals:
Hell: Depths:1 Depths:2 Depths:3 Depths:4 Depths:5
Abyss: Depths:1 Depths:3 Depths:4 Depths:5
Pandemonium: Orc:2 Depths:3 Depths:4
Ziggurat: Depths:3

Annotations:
Elf:1 2 exclusions
Zot:5 exclusion: obsidian statue


Innate Abilities, Weirdness & Mutations

You are resistant to torment.
Your stone body is resilient. (AC +20)
You are immune to poison.
Your large and strong wings let you fly indefinitely.
You resist negative energy. (rN+)
You are resistant to electric shocks. (rElec)
You can survive without breathing.
You are immune to petrification.
You are immune to rotting.
You are partially covered in slimy green scales. (AC +2)
You are clumsy. (Dex -2)
Your flesh is cold resistant. (rC+)
Armour fits poorly on your strangely shaped body.
You are dopey. (Int -2)
You are frail. (-10% HP)
Your magical capacity is very low. (-20% MP)
You are resistant to hostile enchantments. (MR+)
You sometimes yell uncontrollably at your foes.
You are very weak. (Str -4)
Potions are less effective at restoring your health.
Your spells are a little easier to cast, but a little less powerful.


Message History

The ancient lich blinks!
The orb of fire blinks!
The Orb Guardian blinks! x2
You blink.
The Killer Klown beckons to you.
The death cob disappears!
You block the moth of wrath's attack.
You barely miss the moth of wrath.
The moth of wrath is almost dead.
The Orb Guardian looks more energetic.
The ancient lich enters a dispersal trap!
The Killer Klown blinks!
The orb of fire blinks!
The white draconian blinks!
The moth of wrath blinks!
The Orb Guardian blinks!
The Killer Klown blinks!
The white draconian blinks!
The Orb Guardian blinks!
The green draconian blinks!
The moth of wrath blinks! x2
The Orb Guardian blinks!
You blink.
The ancient lich blinks!
The orb of fire enters a dispersal trap!
The white draconian blinks!
The orb of fire blinks!
The electric golem blinks!
The orb of fire blinks!
The green draconian blinks!
The orb of fire blinks!
You blink.
The orb of fire glows red.
The fireball explodes!
The fireball engulfs you!!! You resist.
You die...

▓▓▓.§................X▓
▓▓.^......§§.§.§.§L..z..▓▓
▓...^...............^...!▓
▓.......**...^.§.X.......▓
▓....X§§§§^.§d...d......▓
..▓..§d.§.§..§....*...§..▓
......p.§.§§§*.§...pL§§X▓▓
..▓.....*..§§§..§........▓▓
.
▓.^...^X.*@§....§.§d....▓▓
▓........X..§.§..........▓
#..§^§....X...§^§........▓
##.^............§§§.....▓▓
##▓.......^...§.......▓▓
▓▓▓▓....§...(......▓▓
#▓▓▓▓▓▓▓▓▓▓▓##....^▓▓
###...^.^...d..§.§.X.^##
##....##.d......).......##


You could see 4 orbs of fire, 2 Killer Klowns, a green draconian, 2 draconians
and 5 Orb Guardians.

Vanquished Creatures
  2 orbs of fire
  Mara (Vaults:2)
  3 ancient liches
  3 juggernauts
  3 greater mummies
  Boris (Crypt:1)
  A Killer Klown (Zot:2)
  3 curse toes
  Nikola (Shoals:4)
  9 golden dragons
  4 bone dragons
  A profane servitor (Crypt:1)
  An electric golem (Zot:2)
  The ghost of Zeolu the Warrior, a veteran CeFi of Nemelex Xobeh (Depths:5)
  Jorgrun (Spider:3)
  18 tentacled monstrosities
  14 Orb Guardians (Zot:5)
  2 deep elf blademasters
  10 liches
  5 quicksilver dragons
  8 titans
  Polyphemus (Shoals:3)
  2 tentacled starspawn
  3 ancient champions (Crypt:1)
  2 deep elf master archers (Elf:3)
  14 death cobs
  A kraken (Shoals:4)
  16 sphinxes
  A storm dragon (shapeshifter) (Depths:3)
  Kirke (Elf:1)
  11 shadow dragons
  11 tengu reavers
  Donald (Elf:3)
  2 revenants
  9 storm dragons
  4 draconian monks
  Roxanne (Elf:3)
  10 fire giants
  9 deep elf sorcerers
  9 emperor scorpions
  A nagaraja (Abyss:3)
  An iron dragon (shapeshifter) (Depths:3)
  12 vault wardens
  6 draconian knights
  10 draconian shifters
  14 frost giants
  Aizul (Vaults:2)
  A draconian scorcher (Zot:4)
  4 iron dragons
  A balrug (Gauntlet)
  Louise (Depths:1)
  3 draconian stormcallers
  12 ghost moths
  12 war gargoyles
  8 ghouls
  7 deep elf elementalists
  A juggernaut skeleton (Crypt:2)
  A reaper (Crypt:2)
  A spriggan defender (Depths:1)
  11 entropy weavers
  7 vampire knights
  9 ironheart preservers
  20 stone giants
  20 very ugly things
  9 draconian annihilators
  9 green draconians
  3 bennus
  10 red draconians
  12 black draconians
  6 deep elf demonologists
  7 deep elf annihilators
  12 yellow draconians
  The ghost of Descartes the Thaumaturge, a journeyman DEAE of Qazlal (Elf:1)
  3 lorocyprocas
  A spark wasp (shapeshifter) (Vaults:4)
  12 white draconians
  9 spark wasps
  A minotaur (Gauntlet)
  13 small abominations
  A merfolk javelineer (Shoals:4)
  18 purple draconians
  2 eidola
  14 ettins
  9 statues (WizLab)
  7 fire dragons
  9 deep elf death magi
  5 crystal guardians
  The ghost of fritzmikael the Grappler, a journeyman TrAs of Okawaru (Lair:1)
  2 jiangshi (Depths:1)
  14 yaktaur captains
  6 merfolk impalers
  Josephine (Orc:2)
  9 mummy priests
  4 deep elf high priests
  38 vault guards
  7 great orbs of eyes
  14 spriggan air magi
  7 ice dragons
  7 hydras
  Harold (Lair:1)
  A quicksilver dragon skeleton (Crypt:1)
  8 rakshasas
  A catoblepas (Shoals:3)
  3 ghost crabs (Lair:5)
  18 centaur warriors
  A juggernaut simulacrum (Depths:3)
  3 satyrs
  6 death knights
  5 merfolk aquamancers
  5 merfolk avatars
  An alligator (shapeshifter) (Vaults:3)
  9 ogre magi
  31 two-headed ogres
  19 death scarabs (Tomb:1)
  4 tengu warriors
  10 deep troll shamans
  7 vampire magi
  9 death yaks
  15 deep troll earth magi
  11 thrashing horrors
  24 dancing weapons
  5 orc high priests
  A shock serpent (Depths:3)
  A spriggan (Depths:2)
  A shock serpent (shapeshifter) (Depths:3)
  5 spriggan berserkers
  20 deep elf knights
  5 fire crabs (Lair:5)
  A soul eater (Depths:4)
  7 wretched stars
  A titan skeleton (Crypt:2)
  8 hell knights
  7 shadow wraiths
  A sun demon (Orc:2)
  A swamp dragon (Abyss:3)
  29 skeletal warriors
  2 spatial maelstroms (Abyss:4)
  A storm dragon skeleton (Tomb:1)
  An anaconda zombie (Crypt:2)
  3 sixfirhies
  7 glowing orange brains
  3 infernal demonspawn (Orc:2)
  3 iron trolls (Depths:1)
  5 unseen horrors
  A quicksilver dragon simulacrum (Crypt:2)
  A deep troll (shapeshifter) (Depths:3)
  2 wizards
  9 sea snakes
  26 deep trolls
  4 flayed ghosts
  14 phantasmal warriors
  An anaconda skeleton (Crypt:2)
  A sphinx zombie (Crypt:1)
  A spriggan druid (Elf:1)
  A shadow dragon zombie (Crypt:3)
  12 ironbrand convokers
  22 orc knights
  10 deep elf archers
  19 orb spiders
  A mana viper (Abyss:4)
  16 necromancers
  27 ugly things
  10 cyclopes
  11 harpies
  3 oklob plants
  31 wolf spiders
  2 wolf spider zombies
  3 shadow dragon skeletons
  60 deep elf magi
  A salamander (shapeshifter) (Vaults:1)
  8 orc sorcerers
  11 manticores
  15 fauns
  2 worldbinders
  A manticore (shapeshifter) (Vaults:5)
  2 frost giant zombies
  9 elephants
  A faun (shapeshifter) (Depths:3)
  2 black mambas
  2 elephants (shapeshifter)
  10 merfolk sirens
  32 moths of wrath
  8 water nymphs
  2 rust devils
  Maurice (Orc:2)
  An ice statue (Lair:3)
  An eye of devastation (shapeshifter) (Vaults:2)
  Psyche (D:8)
  2 smoke demons (Abyss:4)
  2 naga magi (Depths:3)
  3 apocalypse crabs
  4 molten gargoyles (D:10)
  A titan simulacrum (Crypt:2)
  17 vault sentinels
  A dire elephant zombie (Crypt:1)
  A spiny frog (shapeshifter) (D:14)
  6 centaur skeletons
  2 orange demons (Depths:4)
  A dire elephant skeleton (Crypt:3)
  2 torpor snails
  11 freezing wraiths
  9 spiny frogs
  A hellion (Abyss:4)
  10 komodo dragons
  A red draconian zombie (Crypt:2)
  A yaktaur (shapeshifter) (Vaults:2)
  A catoblepas zombie (Abyss:4)
  34 yaktaurs
  3 kobold demonologists
  A tormentor (Abyss:4)
  2 efreet
  8 demonic crawlers
  12 guardian mummies (Tomb:1)
  5 tengu conjurers
  An ancient zyme (Abyss:3)
  2 hellwings (Abyss:4)
  2 black draconian skeletons
  A troll (shapeshifter) (Vaults:2)
  A harpy zombie (Crypt:3)
  27 merfolk
  3 meliai
  A jumping spider (shapeshifter) (Depths:3)
  A sea snake skeleton (Crypt:2)
  5 wind drakes
  7 polar bears
  33 jumping spiders
  5 trolls
  A wolf spider simulacrum (Crypt:2)
  A wind drake (shapeshifter) (Vaults:2)
  8 hippogriffs
  15 hornets
  5 blink frogs (Lair:2)
  5 snapping turtles
  36 slime creatures
  3 raiju (Abyss:4)
  A deep troll zombie (D:15)
  2 ettin zombies
  A bog body (Crypt:2)
  14 dream sheep
  2 fire dragon zombies
  58 flying skulls
  2 vampires
  29 tarantellas
  An ice dragon skeleton (Crypt:1)
  76 redbacks
  25 water elementals
  10 wraiths
  A black mamba zombie (Crypt:1)
  2 redbacks (shapeshifter)
  5 shadows
  2 wyverns (Lair:5)
  A ynoxinul (Abyss:4)
  A tarantella (shapeshifter) (Depths:3)
  An ushabti (Tomb:2)
  4 basilisks
  31 yaks
  2 golden eyes (shapeshifter)
  2 golden eyes (Abyss:4)
  A steam dragon (D:14)
  5 fire elementals
  A hungry ghost (D:8)
  4 hogs (Elf:1)
  2 chaos spawn (Abyss:4)
  5 vampire mosquitoes
  7 neqoxecs
  4 spatial vortices (Abyss:4)
  4 wargs
  16 large abominations
  A soldier ant (shapeshifter) (D:14)
  2 soldier ants (D:14)
  7 water moccasins
  A hell hound (Gauntlet)
  2 acid dragons
  7 porcupines
  Duvessa (D:4)
  48 orc warriors
  A floating eye (Depths:5)
  12 ice beasts
  4 sky beasts
  An ettin simulacrum (Crypt:2)
  2 eyes of draining (shapeshifter)
  2 spiny frog skeletons (Crypt:3)
  3 black bears
  3 snapping turtle zombies
  25 ogres
  A wolf (Elf:1)
  7 phantoms
  6 necrophages
  A hog zombie (Crypt:2)
  9 boggarts
  A centaur (shapeshifter) (Depths:2)
  A manticore skeleton (Crypt:3)
  A swamp dragon skeleton (Tomb:1)
  35 centaurs
  15 crocodiles
  6 big kobolds
  A wyvern zombie (Crypt:1)
  25 bullfrogs
  An elf skeleton (Crypt:2)
  3 earth elementals
  A komodo dragon skeleton (Crypt:1)
  Dowan (D:4)
  15 killer bees
  6 electric eels
  2 wights (D:14)
  4 howler monkeys
  3 bullfrog zombies
  10 crimson imps
  26 starcursed masses
  6 jellies
  A quasit (D:14)
  A black bear zombie (Crypt:2)
  4 bullfrog skeletons
  2 centaur zombies
  An iron imp (Depths:5)
  4 hounds
  A human zombie (Tomb:1)
  26 orc priests
  13 orc wizards
  Terence (D:2)
  3 iguanas
  11 worker ants
  A killer bee zombie (D:7)
  A demigod zombie (Crypt:1)
  2 human simulacra (D:11)
  A hound zombie (D:5)
  2 hound skeletons
  17 mummies
  2 worker ant zombies
  6 gnolls
  13 adders
  A howler monkey skeleton (D:11)
  5 shadow imps
  A swamp drake skeleton (Crypt:1)
  A white imp (Lair:3)
  An ooze (D:1)
  An adder skeleton (D:10)
  An adder zombie (D:8)
  An iguana skeleton (Crypt:1)
  2 worms
  5 dart slugs
  6 leopard geckos
  100 orcs
  7 bats
  3 giant cockroaches
  10 goblins
  8 hobgoblins
  28 jackals
  4 quokkas
  2 ball pythons
  6 frilled lizards
  A goblin skeleton (Crypt:1)
  17 kobolds
  A leopard gecko skeleton (D:6)
  An orc skeleton (Crypt:2)
  A quokka zombie (D:2)
  5 rats
  A rat skeleton (Crypt:2)
  3 crawling corpses
  A lurking horror (Abyss:4)
  13 plants
  5 starspawn tentacles
  2 tentacles (Shoals:4)
2647 creatures vanquished.

Vanquished Creatures (collateral kills)
  3 ancient liches
  A greater mummy (Tomb:2)
  Bai Suzhen (Spider:4)
  The ghost of Giur the Necromancer, a veteran TrFi of Sif Muna (Depths:1)
  The ghost of Dejio the Executioner, a veteran FoFi of Dithmenos (Crypt:2)
  2 bone dragons (Abyss:4)
  A deep elf blademaster (Depths:1)
  Frances (D:12)
  Ilsuiw (Shoals:4)
  A deep elf sorcerer (Vaults:5)
  2 draconian scorchers (Zot:4)
  A frost giant (Vaults:5)
  A deep elf elementalist (Elf:3)
  A very ugly thing (Abyss:4)
  A bennu (Tomb:2)
  A vampire knight (Crypt:3)
  A purple draconian (Zot:4)
  4 mummy priests
  A merfolk javelineer (Shoals:4)
  A merfolk impaler (Shoals:4)
  A great orb of eyes (Abyss:4)
  A rakshasa (Abyss:4)
  An ice dragon (Lair:3)
  A merfolk aquamancer (Shoals:4)
  A tengu warrior (Shoals:4)
  4 dancing weapons
  A spriggan berserker (Depths:1)
  2 thrashing horrors (Abyss:4)
  A wretched star (Abyss:4)
  A spatial maelstrom (Abyss:4)
  A glowing orange brain (Abyss:4)
  A deep elf archer (Elf:1)
  An orc knight (Orc:2)
  An obsidian statue (Zot:5)
  2 deep elf magi (Elf:1)
  A manticore (Shoals:4)
  A wolf spider (Spider:4)
  2 large abominations
  2 elephants (Lair:6)
  2 orc sorcerers (Orc:2)
  2 moths of wrath (Depths:1)
  A merfolk siren (Shoals:4)
  5 smoke demons (Abyss:4)
  A yaktaur (Vaults:1)
  2 ancient zymes (Abyss:4)
  3 dream sheep (Lair:6)
  A raiju (Abyss:4)
  3 flying skulls (Tomb:2)
  A ynoxinul (Abyss:4)
  A vampire (Abyss:4)
  A yak (Lair:6)
  A golden eye (Abyss:4)
  A water moccasin (Lair:6)
  An ice beast (Lair:3)
  2 orc warriors
  An earth elemental (Elf:1)
  2 small abominations (Abyss:4)
  7 starcursed masses (Abyss:4)
  2 mummies (Tomb:2)
  2 white imps
  An ufetubus (Abyss:3)
  An orc (Orc:1)
97 creatures vanquished.

Vanquished Creatures (others)
  2 deep elf master archers
  A draconian knight (Zot:2)
  A ghost moth (Depths:3)
  A stone giant (Vaults:5)
  Nessos (Orc:2)
  A jiangshi (Depths:1)
  5 yaktaur captains
  A merfolk avatar (Shoals:4)
  A centaur warrior (Depths:2)
  4 satyrs
  2 deep elf archers
  A deep troll (Depths:1)
  A phantasmal warrior (Vaults:5)
  2 fauns
  A cyclops (Shoals:2)
  A kobold demonologist (D:14)
  9 yaktaurs
  A snapping turtle (Shoals:4)
  A spriggan (Depths:5)
  A hog (shapeshifter) (Depths:5)
  A sky beast (D:15)
  2 orc warriors (Orc:2)
  An ogre (Vaults:2)
  A boggart (Depths:2)
  6 centaurs (Vaults:2)
  2 orc priests (Orc:2)
  A shadow imp (D:4)
  3 orcs
  2 kobolds (D:14)
  3 bushes (D:14)
  4 fungi
  3 lurking horrors
  10 plants
  11 starspawn tentacles
  6 tentacles (Shoals:4)
94 creatures vanquished.

Grand Total: 2838 creatures vanquished

Notes
Turn   | Place    | Note
-------+----------+-------------------------------------------
     0 | D:1      | Yon the Gargoyle Fighter began the quest for the Orb.
     0 | D:1      | Reached XP level 1. HP: 14/14 MP: 1/1
   173 | D:1      | Reached XP level 2. HP: 19/19 MP: 2/2
   358 | D:1      | Reached XP level 3. HP: 23/23 MP: 3/3
   626 | D:2      | Noticed Terence
   642 | D:2      | Killed Terence
   642 | D:2      | Reached XP level 4. HP: 18/28 MP: 4/4
  1013 | D:2      | Reached XP level 5. HP: 31/32 MP: 5/5
  1307 | D:3      | Reached skill level 5 in Maces & Flails
  1573 | D:3      | Found a bloodstained altar of Trog.
  2080 | D:4      | Reached XP level 6. HP: 37/37 MP: 6/6
  2304 | D:4      | Noticed Duvessa
  2307 | D:4      | Noticed Dowan
  2323 | D:4      | Killed Duvessa
  2335 | D:4      | Killed Dowan
  2335 | D:4      | Reached XP level 7. HP: 33/41 MP: 7/7
  2448 | D:4      | You fall into a shaft and drop 1 floor!
  2448 | D:5      | Entered Level 5 of the Dungeon
  2505 | D:5      | Found a transporter.
  2887 | D:5      | Found a transporter.
  2910 | D:5      | Found Painix's Distillery.
  2918 | D:5      | Bought a potion of curing for 42 gold pieces
  4065 | D:6      | Reached XP level 8. HP: 43/46 MP: 8/8
  4211 | D:6      | Got a transparent robe
  4222 | D:6      | Identified the +4 robe of Calculation {rCorr} (You found it
                  | on level 6 of the Dungeon)
  4236 | D:6      | Found a shimmering altar of Xom.
  4236 | D:6      | Found a burning altar of Makhleb.
  4272 | D:6      | Became a worshipper of Makhleb the Destroyer
  4778 | D:6      | Found a staircase to the Ecumenical Temple.
  4787 | Temple   | Entered the Ecumenical Temple
  5110 | D:7      | Reached skill level 10 in Maces & Flails
  5419 | D:7      | Found a white marble altar of Elyvilon.
  5431 | D:7      | Found a shimmering blue altar of Sif Muna.
  5683 | D:7      | Found a glowing silver altar of Zin.
  5716 | D:7      | Reached * piety under Makhleb
  5716 | D:7      | Reached XP level 9. HP: 44/52 MP: 9/9
  6114 | D:8      | Noticed a two-headed ogre
  6126 | D:8      | Killed a two-headed ogre
  6126 | D:8      | Reached skill level 5 in Fighting
  6126 | D:8      | Reached skill level 5 in Shields
  6220 | D:8      | Noticed a two-headed ogre
  6245 | D:8      | Killed a two-headed ogre
  6300 | D:8      | Found a hide-covered altar of Uskayaw.
  6318 | D:8      | Found a sacrificial altar of Ru.
  6414 | D:8      | Reached XP level 10. HP: 47/60 MP: 10/10
  6584 | D:8      | Noticed Psyche
  6598 | D:8      | Killed Psyche
  6736 | D:9      | Reached ** piety under Makhleb
  6976 | D:9      | Found a snail-covered altar of Cheibriados.
  7247 | D:10     | Entered Level 10 of the Dungeon
  7258 | D:10     | Found a flagged portal.
  7269 | Bailey   | Entered a bailey
  7590 | Bailey   | Reached skill level 5 in Armour
  7713 | Bailey   | Reached *** piety under Makhleb
  8135 | D:10     | Noticed a two-headed ogre
  8288 | D:10     | Noticed a molten gargoyle
  8342 | D:10     | Killed a molten gargoyle
  8342 | D:10     | Reached XP level 11. HP: 65/67 MP: 11/11
  8485 | D:10     | Upgraded the game from 0.24.0-41-g2ae2f7f1be to
                  | 0.24.0-125-gc4c63601f3
  8642 | D:10     | Killed an unseen horror
  8687 | D:10     | Reached **** piety under Makhleb
  8752 | D:10     | Noticed a two-headed ogre
  8768 | D:10     | Killed a two-headed ogre
  8875 | D:10     | Noticed an oklob plant
  8876 | D:10     | Found a staircase to the Lair.
  8963 | D:10     | Reached skill level 10 in Shields
 10098 | D:11     | Noticed a red ugly thing
 10125 | D:11     | Killed a red ugly thing
 10623 | D:12     | Noticed a brown ugly thing
 10644 | D:12     | Killed a brown ugly thing
 10697 | D:11     | Reached XP level 12. HP: 73/73 MP: 12/12
 10733 | D:12     | Found a gate leading to a gauntlet.
 10748 | Gauntlet | Entered a Gauntlet
 10748 | Gauntlet | Found a transporter.
 10748 | Gauntlet | Found a transporter.
 10748 | Gauntlet | Found a transporter.
 10748 | Gauntlet | Noticed a queen ant
 10750 | Gauntlet | Found the macabre finger necklace {rN+}
 10750 | Gauntlet | Found a transporter.
 10751 | Gauntlet | Found a transporter.
 10755 | Gauntlet | Found a transporter.
 10760 | Gauntlet | Found a transporter.
 10762 | Gauntlet | Found a transporter.
 10763 | Gauntlet | Found a transporter.
 10765 | Gauntlet | Found a transporter.
 10768 | Gauntlet | Noticed a balrug
 10774 | Gauntlet | Found a transporter.
 10776 | Gauntlet | Noticed a dire elephant
 10778 | Gauntlet | Found a transporter.
 10941 | Gauntlet | Reached skill level 1 in Invocations
 10956 | Gauntlet | Got a scintillating iron amulet
 10957 | Gauntlet | Identified the amulet of Gyerut {Harm *Drain rElec} (You
                  | found it in a Gauntlet)
 10986 | Gauntlet | Killed a balrug
 11028 | Gauntlet | Noticed a minotaur
 11054 | Gauntlet | Killed a minotaur
 11086 | Gauntlet | Identified the Tome of Earthen Talismans
 11124 | D:12     | Reached ***** piety under Makhleb
 11421 | D:12     | Noticed Frances
 11448 | D:12     | Killed Frances
 11517 | D:12     | Found a staircase to the Orcish Mines.
 11770 | D:13     | Found Vaamuirph's Magic Scroll Shop.
 11770 | D:13     | Noticed a two-headed ogre
 11770 | D:13     | Noticed a two-headed ogre
 11784 | D:12     | Killed a two-headed ogre
 11798 | D:13     | Killed a two-headed ogre
 11820 | D:13     | Bought a scroll of identify for 26 gold pieces
 11820 | D:13     | Bought a scroll of identify for 26 gold pieces
 11820 | D:13     | Bought a scroll of blinking for 97 gold pieces
 11820 | D:13     | Bought a scroll of identify for 26 gold pieces
 11820 | D:13     | Bought a scroll of identify for 26 gold pieces
 11862 | D:13     | Noticed a two-headed ogre
 11885 | D:13     | Killed a two-headed ogre
 11897 | D:13     | Reached skill level 5 in Invocations
 11971 | D:13     | Reached skill level 15 in Shields
 12000 | D:13     | Reached XP level 13. HP: 68/78 MP: 17/17
 12230 | D:13     | Noticed a tengu reaver
 12270 | D:13     | Killed a tengu reaver
 12536 | D:13     | Reached skill level 10 in Armour
 13061 | D:14     | Found a gate to the Vaults.
 13061 | D:14     | Noticed a vault guard
 13061 | D:14     | Noticed a vault guard
 13061 | D:14     | Noticed a vault guard
 13061 | D:14     | Noticed a vault guard
 13094 | D:15     | Entered Level 15 of the Dungeon
 13394 | D:14     | Found a white marble altar of Elyvilon.
 13476 | D:14     | Killed a vault guard
 13524 | D:14     | Gained mutation: Your large and strong wings let you fly
                  | indefinitely. [Gargoyle growth]
 13524 | D:14     | Reached XP level 14. HP: 84/84 MP: 19/19
 13649 | Lair:1   | Entered Level 1 of the Lair of Beasts
 13671 | Lair:1   | Found a runed translucent door.
 13675 | Lair:1   | Noticed fritzmikael's ghost (journeyman TrAs)
 13977 | Lair:1   | Noticed Harold
 14004 | Lair:1   | Killed Harold
 14386 | Lair:1   | Killed fritzmikael's ghost
 15662 | Lair:3   | Found a hole to the Spider Nest.
 16241 | Lair:4   | Got a faintly humming scale mail
 16252 | Lair:4   | Identified the +1 scale mail "Monoih" {rC++ Dex-3 SInv
                  | Stlth+} (You found it on level 4 of the Lair of Beasts)
 16633 | Lair:4   | Found a staircase to the Shoals.
 17293 | Lair:5   | Reached ****** piety under Makhleb
 17662 | Lair:5   | Found a runed translucent door.
 17673 | Lair:5   | Reached XP level 15. HP: 76/89 MP: 20/20
 17939 | Lair:5   | Reached skill level 10 in Fighting
 18042 | Lair:5   | Got a serpentine graven amulet
 18069 | Lair:5   | Identified the amulet of Zahorav {Reflect rF+ MR++ SH+4
                  | SInv} (You found it on level 5 of the Lair of Beasts)
 18259 | Lair:6   | Entered Level 6 of the Lair of Beasts
 18324 | Lair:5   | Reached skill level 15 in Armour
 18979 | Lair:6   | Reached skill level 1 in Axes
 19143 | Lair:6   | Found a staircase to the Slime Pits.
 19670 | Orc:1    | Entered Level 1 of the Orcish Mines
 19670 | Orc:1    | Found Xaesaf's Assorted Antiques.
 19730 | Orc:1    | Found Wajecs's Weapon Shop.
 19768 | Orc:1    | Found Xaguir's Magic Scroll Shoppe.
 19940 | Orc:1    | Found Toep's Assorted Antiques.
 19950 | Orc:1    | Bought a cabochon ring for 120 gold pieces
 20024 | Orc:2    | Entered Level 2 of the Orcish Mines
 20037 | Orc:2    | Noticed Nessos
 20038 | Orc:2    | Noticed Maurice
 20044 | Orc:2    | Killed Nessos
 20050 | Orc:2    | Killed Maurice
 20051 | Orc:2    | Found Fubbuick's Weapon Emporium.
 20067 | Orc:2    | Bought a +2 vampiric broad axe for 432 gold pieces
 20174 | Orc:2    | Found a roughly hewn altar of Beogh.
 20225 | Orc:2    | Noticed Josephine
 20246 | Orc:2    | Killed Josephine
 20373 | Orc:2    | Found Neilieda's General Store.
 20416 | Orc:2    | Found Hadgheat's Magic Scroll Shoppe.
 20428 | Orc:2    | Gained mutation: You are weak. (Str -2) [a neqoxec]
 20484 | Orc:2    | Reached XP level 16. HP: 96/100 MP: 21/21
 20530 | Orc:2    | Reached skill level 5 in Axes
 20668 | Orc:2    | Found Xiulauh's Gadget Shop.
 20668 | Orc:2    | Found a one-way gate leading to the halls of Pandemonium.
 20668 | Orc:2    | Found Uzytzou's Antique Weapon Boutique.
 20782 | Orc:2    | Found a staircase to the Elven Halls.
 21262 | Spider:1 | Entered Level 1 of the Spider Nest
 23149 | Spider:3 | Noticed Jorgrun
 23356 | Spider:3 | Reached XP level 17. HP: 104/104 MP: 13/22
 23507 | Spider:3 | Reached skill level 10 in Axes
 23621 | Spider:3 | Killed Jorgrun
 23869 | Spider:4 | Entered Level 4 of the Spider Nest
 24045 | Spider:4 | Noticed Bai Suzhen
 24096 | Spider:4 | Killed Bai Suzhen
 24852 | Spider:4 | Got a gossamer rune of Zot
 25416 | D:14     | Reached XP level 18. HP: 110/110 MP: 23/23
 25896 | D:14     | Got a pair of heavily runed boots
 25910 | D:14     | Identified the +4 pair of boots of Twilight {rElec Int+6}
                  | (You found it on level 14 of the Dungeon)
 26402 | D:15     | Found a staircase to the Depths.
 27063 | Shoals:1 | Entered Level 1 of the Shoals
 27298 | Shoals:1 | Found Rapolil's Distillery.
 27331 | Shoals:1 | Bought a potion of heal wounds for 60 gold pieces
 27331 | Shoals:1 | Bought a potion of heal wounds for 60 gold pieces
 27828 | Shoals:2 | Found Xytoisur's Distillery.
 28674 | Shoals:3 | Noticed Polyphemus
 28717 | Shoals:3 | Killed Polyphemus
 29399 | Shoals:4 | Entered Level 4 of the Shoals
 29479 | Shoals:4 | Reached XP level 19. HP: 115/115 MP: 24/24
 29607 | Shoals:4 | Got a heavily runed golden ring
 29679 | Shoals:4 | Identified the ring of Faaq {rElec MR+ Int+3 Stlth+} (You
                  | found it on level 4 of the Shoals)
 29713 | Shoals:4 | Noticed Ilsuiw
 30187 | Shoals:4 | Noticed Nikola
 30495 | Shoals:4 | Killed Nikola
 30660 | Shoals:4 | Found Etiluruo's Assorted Antiques.
 30667 | Shoals:4 | Killed Ilsuiw
 30732 | Shoals:4 | Gained mutation: Armour fits poorly on your strangely
                  | shaped body. [mutagenic glow]
 30740 | Shoals:4 | Bought a scroll of blinking for 187 gold pieces
 30887 | Shoals:4 | Reached skill level 15 in Axes
 30911 | Shoals:4 | Got a barnacled rune of Zot
 31337 | Elf:1    | Entered Level 1 of the Elven Halls
 31570 | Elf:1    | Noticed Kirke
 31587 | Elf:1    | Killed Kirke
 31700 | Elf:1    | Found Zoosadaf's Weapon Emporium.
 31918 | Elf:1    | Found a runed translucent gate.
 31918 | Elf:1    | Found a runed translucent gate.
 31918 | Elf:1    | Found a runed translucent gate.
 32041 | Elf:1    | Noticed Descartes's ghost (journeyman DEAE)
 32154 | Elf:1    | Killed Descartes's ghost
 32525 | Elf:2    | Found a huge runed translucent gate.
 32525 | Elf:2    | Found a huge runed translucent gate.
 32526 | Elf:2    | Found a huge runed translucent gate.
 32740 | Elf:2    | Found a huge runed translucent gate.
 32740 | Elf:2    | Found a huge runed translucent gate.
 32777 | Elf:2    | Cast into level 3 of the Abyss (+2 quick blade of
                  | distortion)
 32899 | Abyss:4  | Found a corrupted altar of Lugonu.
 33099 | Abyss:4  | Paralysed by accursed screaming for 2 turns
 33103 | Abyss:4  | Gained mutation: Your magical capacity is low. (-10% MP) [a
                  | neqoxec]
 33128 | Abyss:4  | Noticed a bone dragon
 33132 | Abyss:4  | Reached XP level 20. HP: 77/96 MP: 0/23
 33136 | Abyss:4  | Paralysed by accursed screaming for 2 turns
 33142 | Abyss:4  | Paralysed by accursed screaming for 2 turns
 33148 | Abyss:4  | Paralysed by accursed screaming for 2 turns
 33183 | Abyss:4  | Lost intelligence.
 33234 | Abyss:4  | Found a shimmering blue altar of Sif Muna.
 33296 | Abyss:4  | Found a corrupted altar of Lugonu.
 33542 | Abyss:4  | Gained mutation: You tend to lose your temper in combat. [a
                  | neqoxec]
 33585 | Abyss:4  | Noticed a bone dragon
 33644 | Abyss:4  | Killed a bone dragon
 33742 | Abyss:4  | Noticed a lich
 33749 | Abyss:4  | Noticed a bone dragon
 33764 | Abyss:4  | Killed a bone dragon
 33791 | Abyss:4  | Noticed a bone dragon
 33803 | Abyss:4  | Killed a bone dragon
 33834 | Abyss:4  | Found a snail-covered altar of Cheibriados.
 34043 | Elf:2    | Escaped the Abyss
 34604 | Elf:2    | Cast into level 3 of the Abyss (+2 quick blade of
                  | distortion)
 34710 | Abyss:3  | Lost intelligence.
 34716 | Abyss:3  | Gained mutation: Your spells are a little easier to cast,
                  | but a little less powerful. [a neqoxec]
 34718 | Abyss:3  | Paralysed by accursed screaming for 1 turns
 34730 | Abyss:3  | Paralysed by accursed screaming for 1 turns
 34738 | Abyss:3  | Paralysed by accursed screaming for 1 turns
 34745 | Abyss:3  | Paralysed by accursed screaming for 1 turns
 34755 | Abyss:3  | Got an abyssal rune of Zot
 34771 | Abyss:3  | Noticed an ancient lich
 34810 | Abyss:3  | Killed an ancient lich
 34812 | Elf:2    | Escaped the Abyss
 35281 | Elf:2    | Reached XP level 21. HP: 129/129 MP: 20/24
 35576 | D:14     | Lost mutation: You tend to lose your temper in combat.
                  | [potion of mutation]
 35576 | D:14     | Lost mutation: Your spells are a little easier to cast, but
                  | a little less powerful. [potion of mutation]
 35576 | D:14     | Lost mutation: You are weak. (Str -2) [potion of mutation]
 35576 | D:14     | Gained mutation: You occasionally shout uncontrollably at
                  | your foes. [potion of mutation]
 35576 | D:14     | Gained mutation: Your flesh is cold resistant. (rC+)
                  | [potion of mutation]
 35576 | D:14     | Gained mutation: You have a pair of small horns on your
                  | head. [potion of mutation]
 35576 | D:14     | Gained mutation: You are robust. (+10% HP) [potion of
                  | mutation]
 35742 | Lair:1   | Lost mutation: You have a pair of small horns on your head.
                  | [potion of mutation]
 35742 | Lair:1   | Lost mutation: Your magical capacity is low. (-10% MP)
                  | [potion of mutation]
 35742 | Lair:1   | Lost mutation: You are robust. (+10% HP) [potion of
                  | mutation]
 35742 | Lair:1   | Gained mutation: You are surrounded by a mild repulsion
                  | field. (EV +2) [potion of mutation]
 35742 | Lair:1   | Gained mutation: You are partially covered in molten
                  | scales. (AC +2) [potion of mutation]
 35743 | Lair:1   | Lost mutation: You are partially covered in molten scales.
                  | (AC +2) [potion of mutation]
 35743 | Lair:1   | Lost mutation: Armour fits poorly on your strangely shaped
                  | body. [potion of mutation]
 35743 | Lair:1   | Lost mutation: You are surrounded by a mild repulsion
                  | field. (EV +2) [potion of mutation]
 35743 | Lair:1   | Gained mutation: You are clumsy. (Dex -2) [potion of
                  | mutation]
 35743 | Lair:1   | Gained mutation: You are resistant to hostile enchantments.
                  | (MR+) [potion of mutation]
 35743 | Lair:1   | Gained mutation: You possess an exceptional clarity of
                  | mind. [potion of mutation]
 35743 | Lair:1   | Gained mutation: You are partially covered in slimy green
                  | scales. (AC +2) [potion of mutation]
 35928 | Elf:3    | Entered Level 3 of the Elven Halls
 35988 | Elf:3    | Noticed Roxanne
 36024 | Elf:3    | Killed Roxanne
 37182 | Elf:3    | Identified the cursed ring "Kyebo" {rC+ Int+6 Dex-2}
 37282 | Elf:3    | Noticed Donald
 37306 | Elf:3    | Identified the ring of the Ladybird {+Blink rC+ Str+4}
 37310 | Elf:3    | Killed Donald
 37383 | Elf:3    | Identified the ring "Bimosodgh" {+Inv rC++ Dex-5 Stlth-}
 37394 | Elf:3    | Identified the cursed +1 glaive "Gizxu" {venom, *Rage rElec
                  | rC+ SInv}
 37394 | Elf:3    | Identified the +1 robe "Potruisk" {+Blink}
 37434 | Elf:3    | Found the +8 lance "Wyrmbane" {slay drac, rPois rF+ rC+
                  | AC+3}
 37435 | Elf:3    | Identified the Handbook of the Entourage and Attacks
 37439 | Elf:3    | Identified the Tome of Assistive Lightness
 37448 | Elf:3    | Got a warped brass amulet
 37452 | Elf:3    | Identified the Almanac of Captivating Feathers
 37634 | Elf:3    | Identified the amulet "Ucofus" {Inacc Stlth+} (You found it
                  | on level 3 of the Elven Halls)
 37650 | Elf:3    | Got a pair of scorched gloves
 37651 | Elf:3    | Identified the +0 pair of gloves of the Sun {rElec rPois
                  | MR+ Stlth+} (You found it on level 3 of the Elven Halls)
 37887 | Vaults:1 | Entered Level 1 of the Vaults
 37985 | Vaults:1 | Reached skill level 10 in Invocations
 38820 | Vaults:1 | Reached skill level 15 in Fighting
 38923 | Vaults:1 | Reached XP level 22. HP: 140/140 MP: 30/30
 39288 | Vaults:1 | Found Lielios's Jewellery Shoppe.
 39567 | Vaults:2 | Noticed Mara
 39572 | Vaults:2 | Noticed Yon's illusion
 39578 | Vaults:2 | Killed Mara
 39975 | Vaults:2 | Noticed Aizul
 40004 | Vaults:2 | Killed Aizul
 40014 | Vaults:2 | Identified a scroll of acquirement
 41278 | Vaults:3 | Found a staircase to the Crypt.
 41346 | Vaults:3 | Reached XP level 23. HP: 150/150 MP: 32/32
 41733 | Vaults:4 | Found Ybucack's Assorted Antiques.
 41837 | Vaults:4 | Found a magical portal.
 42195 | WizLab   | Identified Iskenderun's Grimoire of Combat Magic
 42195 | WizLab   | Identified Iskenderun's Papyrus of Arcane Weapons
 43525 | Vaults:5 | Entered Level 5 of the Vaults
 43715 | Depths:1 | Entered Level 1 of the Depths
 44004 | Depths:1 | Identified the +11 rapier of Giottu {antimagic, rPois
                  | Dex+4}
 44005 | Depths:1 | Found a bloodstained altar of Trog.
 44005 | Depths:1 | Noticed Giur's ghost (veteran TrFi)
 44005 | Depths:1 | Noticed a juggernaut
 44012 | Depths:1 | Found a transporter.
 44028 | Depths:1 | Identified the +1 quick blade "Doveu" {distort, *Slow +Inv
                  | rElec rN+}
 44028 | Depths:1 | Identified the +2 rapier "Liefakhe" {pierce, Str+5}
 44052 | Depths:1 | Noticed Louise
 44066 | Depths:1 | Killed Louise
 44074 | Depths:1 | Found a one-way gate to the infinite horrors of the Abyss.
 44123 | Depths:1 | Reached XP level 24. HP: 162/162 MP: 33/33
 44334 | Depths:1 | Found a transporter.
 44334 | Depths:1 | Identified the +9 falchion of Cheese {flame, +Blink rPois
                  | rC-}
 44439 | Depths:1 | Found a gateway to Hell.
 44727 | Depths:1 | Cast into level 4 of the Abyss (deep elf blademaster)
 44792 | Depths:1 | Escaped the Abyss
 44836 | Depths:1 | Killed a juggernaut
 44851 | Depths:1 | Killed Giur's ghost
 45339 | Depths:2 | Identified the ring "Ciheqiv" {+Inv rF+ rC+ MR+ Dex+2}
 45460 | Depths:2 | Got a distressingly furry scale mail
 45467 | Depths:2 | Got a slimy mace
 45469 | Depths:2 | Identified the cursed +2 mace "Sengapufad" {elec, rC+} (You
                  | found it on level 2 of the Depths)
 45470 | Depths:2 | Identified the cursed +1 scale mail of Enturos {Slay+2}
                  | (You found it on level 2 of the Depths)
 45832 | Depths:3 | You are sucked into a shaft and drop 2 floors!
 45832 | Depths:5 | Entered Level 5 of the Depths
 45946 | Depths:4 | Reached XP level 25. HP: 175/175 MP: 33/33
 45993 | Depths:4 | Found a flickering gateway to a bazaar.
 45998 | Bazaar   | Entered a bazaar
 46015 | Bazaar   | Found Heen's Weapon Shoppe.
 46015 | Bazaar   | Found Sacrad's Book Emporium.
 46036 | Bazaar   | Found Etutzi's Jewellery Shoppe.
 46036 | Bazaar   | Found Doddiyck's General Store.
 46040 | Bazaar   | Bought a scroll of enchant armour for 127 gold pieces
 46040 | Bazaar   | Bought a scroll of blinking for 127 gold pieces
 46057 | Bazaar   | Found Wesoimi's Antique Weapon Emporium.
 46399 | Depths:4 | Found Quoz's Weapon Boutique.
 46417 | Depths:4 | Noticed a juggernaut
 46437 | Depths:4 | Killed a juggernaut
 46598 | Depths:4 | Reached skill level 15 in Invocations
 46650 | Depths:4 | Found Zipteos's Book Boutique.
 47585 | Depths:3 | Found a gateway to a ziggurat.
 47963 | Depths:5 | Paralysed by a floating eye for 2 turns
 48034 | Depths:5 | Reached XP level 26. HP: 184/184 MP: 34/34
 48104 | Depths:5 | Found a gate to the Realm of Zot.
 48135 | Depths:5 | Reached skill level 1 in Polearms
 48763 | Depths:5 | Found a runed translucent door.
 48763 | Depths:5 | Noticed Zeolu's ghost (veteran CeFi)
 48831 | Depths:5 | Killed Zeolu's ghost
 48838 | Depths:5 | Got a translucent mace
 48844 | Depths:5 | Identified the +6 mace of Context {vamp, rElec rC- Str+4
                  | Int+7} (You found it on level 5 of the Depths)
 49447 | Vaults:5 | Noticed an ancient lich
 49527 | Vaults:5 | Identified the +6 glaive "Ypileron" {chop, *Corrode +Blink
                  | rF++ Int+3}
 49584 | Vaults:5 | Got a silver rune of Zot
 49899 | Vaults:5 | Killed an ancient lich
 49937 | Vaults:5 | Identified the ring of Zin's Delight {+Fly rC+}
 49967 | Vaults:5 | Noticed an ancient lich
 49990 | Vaults:5 | Killed an ancient lich
 49990 | Vaults:5 | Reached XP level 27. HP: 193/193 MP: 34/34
 50230 | Vaults:5 | Identified the +8 whip of the Wary Tables {slash, *Drain
                  | Str+6}
 50412 | Vaults:5 | Identified the Grimoire of Confrontation
 50447 | Vaults:5 | Identified The Arcane Secrets of Theurgy
 50761 | Crypt:1  | Entered Level 1 of the Crypt
 50797 | Crypt:1  | Found the +9 staff of Olgreb {rPois}
 50928 | Crypt:1  | Found a basalt altar of Yredelemnul.
 50988 | Crypt:1  | Got a sparkling golden ring
 50994 | Crypt:1  | Identified the ring "Qoruyl" {rN+ Int+4 Stlth+} (You found
                  | it on level 1 of the Crypt)
 51183 | Crypt:1  | Noticed Boris
 51241 | Crypt:1  | Killed Boris
 52171 | Crypt:2  | Reached skill level 27 in Armour
 52206 | Crypt:2  | Found a large runed translucent door.
 52206 | Crypt:2  | Found a large runed translucent door.
 52249 | Crypt:2  | Noticed Dejio's ghost (veteran FoFi)
 52922 | Crypt:2  | Killed Dejio's ghost
 52958 | Crypt:3  | Entered Level 3 of the Crypt
 53280 | Crypt:3  | Reached skill level 27 in Fighting
 53309 | Crypt:3  | Reached skill level 1 in Dodging
 53500 | Crypt:3  | Found a basalt altar of Yredelemnul.
 53500 | Crypt:3  | Noticed an ancient lich
 53511 | Crypt:3  | Killed an ancient lich
 53672 | Crypt:3  | Reached skill level 5 in Dodging
 54016 | Crypt:3  | Found a staircase to the Tomb.
 54174 | Tomb:1   | Entered Level 1 of the Tomb of the Ancients
 54635 | Tomb:1   | Noticed a greater mummy
 55050 | Tomb:1   | Killed a greater mummy
 55052 | Tomb:1   | Noticed a greater mummy
 55067 | Tomb:1   | Killed a greater mummy
 55860 | Tomb:2   | Noticed a greater mummy
 55860 | Tomb:2   | Noticed a greater mummy
 55862 | Tomb:2   | Noticed an ancient lich
 55927 | Tomb:2   | Noticed a greater mummy
 55991 | Tomb:2   | Gained mutation: Your magical capacity is low. (-10% MP) [a
                  | cacodemon]
 56033 | Tomb:2   | Killed an ancient lich
 56082 | Tomb:2   | Killed a greater mummy
 56100 | Tomb:2   | Killed a greater mummy
 56116 | Tomb:1   | Noticed a greater mummy
 56862 | Zot:1    | Entered Level 1 of the Realm of Zot
 57213 | Zot:1    | Reached skill level 1 in Evocations
 58111 | Zot:2    | Reached skill level 5 in Evocations
 58352 | Zot:2    | Noticed a juggernaut
 58352 | Zot:2    | a Killer Klown changed into a juggernaut
 58363 | Zot:2    | Killed a juggernaut
 58701 | Zot:2    | Noticed an orb of fire
 58713 | Zot:2    | Gained mutation: You are dopey. (Int -2) [an orb of fire]
 58720 | Zot:2    | Gained mutation: You are frail. (-10% HP) [an orb of fire]
 58721 | Zot:2    | Gained mutation: You are very frail. (-20% HP) [an orb of
                  | fire]
 58726 | Zot:2    | Killed an orb of fire
 58756 | Zot:2    | Lost mutation: You are very frail. (-20% HP) [potion of
                  | mutation]
 58756 | Zot:2    | Lost mutation: You are dopey. (Int -2) [potion of mutation]
 58756 | Zot:2    | Lost mutation: You are frail. (-10% HP) [potion of
                  | mutation]
 60095 | Zot:4    | Reached skill level 5 in Polearms
 60452 | Zot:4    | Found a transporter.
 60454 | Zot:4    | Noticed an orb of fire
 60536 | Zot:4    | Found a transporter.
 60935 | Zot:4    | Killed an orb of fire
 61038 | Zot:4    | Got a twisted helmet
 61040 | Zot:4    | Got a transparent jade ring
 61049 | Zot:4    | Identified the +0 helmet of Ebol {rPois MP-9 Str+2 Slay+2}
                  | (You found it on level 4 of the Realm of Zot)
 61050 | Zot:4    | Identified the ring of Cuon Nops {Ice *Contam rElec rN++
                  | Dex+2} (You found it on level 4 of the Realm of Zot)
 61109 | Zot:5    | Entered Level 5 of the Realm of Zot
 61709 | Zot:5    | Noticed an ancient lich
 61739 | Zot:5    | Killed an ancient lich
 61750 | Zot:5    | Reached skill level 10 in Dodging
 61775 | Zot:5    | Noticed an ancient lich
 61775 | Zot:5    | Noticed an ancient lich
 61775 | Zot:5    | Noticed an orb of fire
 61775 | Zot:5    | Noticed an orb of fire
 61776 | Zot:5    | Noticed an orb of fire
 61783 | Zot:5    | Gained mutation: You are weak. (Str -2) [an orb of fire]
 61790 | Zot:5    | Noticed an orb of fire
 61790 | Zot:5    | Gained mutation: Potions are less effective at restoring
                  | your health. [an orb of fire]
 61792 | Zot:5    | Gained mutation: You are frail. (-10% HP) [an orb of fire]
 61797 | Zot:5    | Gained mutation: You are very weak. (Str -4) [an orb of
                  | fire]
 61799 | Zot:5    | Gained mutation: You are dopey. (Int -2) [an orb of fire]
 61808 | Zot:5    | Gained mutation: You sometimes yell uncontrollably at your
                  | foes. [an orb of fire]
 61816 | Zot:5    | Gained mutation: Your magical capacity is very low. (-20%
                  | MP) [an orb of fire]
 61818 | Zot:5    | Noticed an orb of fire
 61821 | Zot:5    | Noticed an ancient lich
 61823 | Zot:5    | Noticed an orb of fire
 61824 | Zot:5    | Gained mutation: Armour fits poorly on your strangely
                  | shaped body. [an orb of fire]
 61829 | Zot:5    | Noticed an ancient lich
 61839 | Zot:5    | Paralysed by the power of Zot for 3 turns
 61840 | Zot:5    | Lost mutation: You possess an exceptional clarity of mind.
                  | [an orb of fire]
 61842 | Zot:5    | Gained mutation: Your spells are a little easier to cast,
                  | but a little less powerful. [an orb of fire]
 61844 | Zot:5    | Killed from afar by an orb of fire

Levels and vault maps discovered:
D:1:      mainiacjoe_arrival_reflecting_pool, layout_basic, serial_corexii_hall,
          corexii_hall_statues_l, corexii_hall_statues_x
D:2:      layout_basic, first_ration, dk_noncrumbling_4, uniq_terence
D:3:      layout_loops_cross, trog_butcher_becter
D:4:      layout_gridville, uniq_duvessa
D:5:      gammafunk_wand_slinger, layout_rooms, serial_shops, shop_statue
D:6:      layout_rooms, grunt_temple_overflow_champion_of_chaos,
          minmay_temple_entry_poolview, minivault_10,
          minmay_misc_feat_more_columns
D:7:      layout_loops_ring, marbit_many_paths, led_sif_book, basic_altar,
          kennysheep_generic_room_8
D:8:      layout_loops_cross, nicolae_ru_sacrificial_ziggurat,
          eat_drink_and_be_merry_uskayaw, uniq_psyche
D:9:      layout_rooms, lemuel_crystal_altar
D:10:     wad_river_or_something, layout_basic, dpeg_oklobed_lair,
          enter_bailey_1, minivault_8
D:11:     layout_basic, grunt_ogre_cave, bh_circular_ruins
D:12:     layout_cave_pools, orc_0_dummy, gauntlet_entry_generic,
          small_chamber_with_monster, uniq_frances
D:13:     evilmike_diamond_2, layout_cave_pools, serial_shops,
          nicolae_shop_crystal
D:14:     wad_statue_garden, layout_irregular_city,
          lightli_vaults_fourway_checkpoint, eino_curves_03, elyvilon_altar_4
D:15:     gammafunk_depths_entry_grave, layout_irregular_city,
          minmay_misc_feat_room, minmay_misc_feat_cross
Temple:   regret_index_temple_generic_petals
Lair:1:   layout_regular_city, ebering_ghost_inner_flame, uniq_harold
Lair:2:   layout_loops_ring, minmay_lair_oklob_chamber, lemuel_fruit_fields
Lair:3:   layout_gridlike, spider_nest_entry_rubble, ice2_lemuel
Lair:4:   layout_long_grid, minmay_shoals_entry_centaurs,
          kennysheep_catoblepas_arena
Lair:5:   gammafunk_mikee_crab_dinner, layout_loops_ring
Lair:6:   gammafunk_lair_ancient_temple, layout_gridlike,
          dpeg_slime_entry_corner
Shoals:1: layout_shoals, serial_shops, shop
Shoals:2: layout_shoals, nicolae_shoals_c_island
Shoals:3: layout_shoals, uniq_polyphemus
Shoals:4: shoals_end_simple, layout_shoals, shoal_ilsuiw, serial_shops, shop,
          kb_tengu_band, uniq_nikola
Spider:1: layout_spider_delve
Spider:2: layout_chambers, drop_trap
Spider:3: layout_spider_delve, uniq_jorgrun
Spider:4: guppyfry_spider_rune, uniq_bai_suzhen
Orc:1:    layout_caves, serial_shops, nicolae_shop_behind_doors,
          nicolae_shop_stone, nicolae_shop_overgrown_old_shop, shop
Orc:2:    pf_orc_diabolical, layout_diamond_mine, serial_shops, shop,
          basic_altar, uniq_nessos, uniq_maurice, uniq_josephine
Elf:1:    minmay_elf_arrival_circle, layout_gridlike, ebering_ghost_rock_garden,
          serial_shops, shop, kilobyte_rumbling_trees, uniq_kirke
Elf:2:    layout_geoelf_octagon
Elf:3:    minmay_elf_hall_statues, layout_loops_corners, uniq_roxanne,
          uniq_donald
Vaults:1: vaults_dpeg_cross, nicolae_vaults_little_squares_4,
          vaults_standard_mumra_x, v_misc_17, ontoclasm_vaults_spin,
          ontoclasm_vaults_twist, ontoclasm_vaults_claustrophobia,
          vaults_standard_mumra_enter_the_diamond, v_misc_27,
          nicolae_vaults_border_crossing, layout_vaults_omnicross, serial_shops,
          shop
Vaults:2: hangedman_vaults_nodes, vaults_room_grunt_arrival_checkpoint,
          v_misc_2, nicolae_vaults_three_branches, vaults_room_ringed_pool,
          hangedman_vaults_maws, nicolae_vaults_network_star, st_squares,
          nicolae_vaults_theta, nicolae_vaults_shelves_hall,
          ontoclasm_vaults_ring_square, nicolae_vaults_angled_halls,
          ontoclasm_vaults_loading_screen, ontoclasm_vaults_fault,
          layout_vaults_maze, uniq_aizul, uniq_mara
Vaults:3: st_more_cells, v_misc_10, nicolae_vaults_big_angled_halls,
          hangedman_vaults_locks, dpeg_vaults_monster_row, grunt_vaults_funnel,
          minmay_crypt_entry_simple_plaza, v_alt_pattern_3,
          hangedman_vaults_slice, nicolae_vaults_little_squares_5,
          ontoclasm_vaults_idyll, nicolae_vaults_little_ls,
          layout_vaults_omnibox
Vaults:4: ontoclasm_vaults_shuriken, v_rooms_6, vaults_mumra_minichess,
          nicolae_vaults_little_squares_1, hangedman_vaults_impose,
          ontoclasm_vaults_hangar, grunt_vaults_twisty, v_misc_16,
          nicolae_vaults_theta, ontoclasm_vaults_bender,
          ontoclasm_vaults_hangar, st_spiral_rooms,
          nicolae_vaults_yaktaur_gun_rack, nicolae_vaults_rhombus_5,
          ontoclasm_vaults_loading_screen, nicolae_vaults_little_squares_2,
          vaults_mumra_hex, layout_vaults_ring, serial_shops, shop,
          infiniplex_enter_wizlab_glasses
Vaults:5: serial_shops
Crypt:1:  gammafunk_crypt_yreds_forest, layout_misc_corridors, uniq_boris
Crypt:2:  layout_regular_city, ebering_ghost_disaster_area,
          small_statue_intersection, eino_tiny_chamber
Crypt:3:  cryptofortress_bobbens
Tomb:1
Tomb:2:   uniq_frederick
Depths:1: layout_roguey, pf_hell_entry_tar_spiral,
          nicolae_abyss_entry_one_way_or_another,
          gammafunk_ghost_wrathful_warriors, minmay_parallelograms,
          kennysheep_doodads, hangedman_abyss_or_decor_stabs,
          kennysheep_generic_room_3
Depths:2: minmay_nine_rooms, layout_twisted_cross, pf_coc_iceberg,
          lightli_minifort, kennysheep_random_hallway
Depths:3: hangedman_crystal_crosses_colossus [crystal_crosses_arms_four,
          crystal_crosses_arms_two, crystal_crosses_arms_two,
          crystal_crosses_arms_one], abyss_entry, pan_entry, serial_shops,
          hell_entry
Depths:4: minmay_the_grid_octo_tiled_squarecenter
          [minmay_the_grid_octo_checkered, minmay_the_grid_octo_vomiting_pacman,
          minmay_the_grid_octo_tetromino_candy, minmay_the_grid_octo_odd_swirl,
          minmay_the_grid_square_5x5_megaprize_crossed,
          minmay_the_grid_square_5x5_mess,
          minmay_the_grid_square_5x5_pentomino_r,
          minmay_the_grid_square_5x5_one_wall,
          minmay_the_grid_square_5x5_fancy_junction], layout_long_grid,
          hell_entry, serial_bayou_lagoon_a, abyss_entry_small_statue_room,
          serial_shops, bzr_entry_road, kennysheep_little_box,
          kennysheep_mini_moat, rand_demon_pan_entry_1
Depths:5: grunt_zot_entry_funnels, layout_basic, nicolae_two_hexagons,
          abyss_entry, grunt_hell_entry_dis_mu, ebering_ghost_reflecting_pool
Zot:1:    layout_basic
Zot:2:    grunt_deathspiral_small, layout_onion_interference
Zot:3:    layout_twisted_circle
Zot:4:    gammafunk_the_bubble [the_bubble_gammafunk_split], layout_basic
Zot:5:    layout_misc_corridors

Skill      XL: |  1  2  3  4  5  6  7  8  9 10 11 12 13 14 15 16 17 18 19 20 21 22 23 24 25 26 27 |
---------------+----------------------------------------------------------------------------------+-----
Maces & Flails | 3 4 6 7 8 10 11 12 13 14 | 14.0
Fighting       | 4 6 7 8 11 13 15 17 19 22 24 25 27 | 27.0
Shields        | 4 6 8 11 15 16 17 | 17.4
Armour         | 7 9 10 14 15 17 18 19 21 22 23 24 25 26 27 | 27.0
Invocations    | 5 7 11 12 14 15 18 | 18.0
Axes           | 4 9 12 14 16 21 | 21.6
Polearms       | 4 9 |  9.2
Dodging        | 10 | 10.1
Evocations     | 9 |  9.1
Stealth        | |  0.5

Action                   |  1- 3 |  4- 6 |  7- 9 | 10-12 | 13-15 | 16-18 | 19-21 | 22-24 | 25-27 || total
-------------------------+-------+-------+-------+-------+-------+-------+-------+-------+-------++-------
Melee: Flail             |   129 |   214 |   470 |   779 |       |       |       |       |   106 ||  1698
       Mace              |       |       |       |   406 |       |       |       |       |       ||   406
       Demon whip        |       |       |       |   250 |  1807 |       |       |       |   507 ||  2564
       Broad axe         |       |       |       |       |   196 |  1723 |  1765 |  1627 |  1705 ||  7016
       Lance             |       |       |       |       |       |       |       |       |  1440 ||  1440
       War axe           |       |       |       |       |       |       |       |       |   164 ||   164
       Whip              |       |       |       |       |       |       |       |       |    33 ||    33
Throw: Dart              |       |       |       |     5 |    27 |     4 |     2 |       |       ||    38
Invok: Minor Destruction |       |       |       |     1 |       |       |       |       |       ||     1
       Lesser Servant of |       |       |       |     5 |     7 |     5 |    23 |       |       ||    40
       Major Destruction |       |       |       |       |     4 |     5 |    20 |     6 |    10 ||    45
       Greater Servant o |       |       |       |       |       |     3 |    16 |     5 |    30 ||    54
 Abil: Fly               |       |       |       |       |     1 |       |       |       |       ||     1
       Evoke Blink       |       |       |       |       |       |       |       |       |    10 ||    10
Evoke: Wand              |       |       |       |     1 |       |       |       |     1 |       ||     2
  Use: Scroll            |       |     3 |     6 |    16 |    16 |     5 |    17 |     7 |    25 ||    95
       Potion            |       |       |     4 |     6 |     2 |     1 |    26 |     2 |    15 ||    56
 Stab: Invisible         |       |       |     1 |       |       |       |       |    10 |       ||    11
       Distracted        |       |       |     1 |     2 |     2 |     3 |     6 |       |     7 ||    21
       Petrified         |       |       |       |       |       |    21 |       |       |       ||    21
       Paralysed         |       |       |       |       |       |       |     5 |       |       ||     5
       Sleeping          |       |       |       |       |       |       |       |       |     1 ||     1
  Eat: Chunk             |       |     4 |     3 |     1 |     3 |     5 |       |       |       ||    16
       Ration            |       |     1 |     3 |     6 |     8 |     8 |    10 |     7 |    16 ||    59
Armor: Scale mail        |   113 |   120 |   109 |       |       |       |       |       |       ||   342
       Robe              |       |       |    91 |   101 |       |       |       |       |       ||   192
       Crystal plate arm |       |       |       |   845 |   775 |  1500 |   909 |   710 |  2077 ||  6816
Dodge: Dodged            |    49 |    70 |   132 |   296 |   122 |   347 |   248 |   231 |   718 ||  2213
Block: Shield            |    76 |   124 |   208 |   751 |       |   528 |  1499 |  1278 |  3031 ||  7495
       Large shield      |       |       |       |   162 |  1513 |  2073 |       |       |       ||  3748
       Reflection        |       |       |       |       |    11 |    80 |    91 |   126 |    72 ||   380
